 Dungeon Crawl Stone Soup version 0.28-a0-317-g21599a725c (webtiles) character file.

Game seed: 12978212844404436221

116 McIrco the Cutter (level 5, -1/49 HPs)
             Began as a Kobold Berserker on Sept 1, 2021.
             Was a Believer of Trog.
             Slain by a lemure (2 damage)
             ... led by Pikel
             ... on level 4 of the Dungeon.
             The game lasted 00:03:44 (3854 turns).

McIrco the Cutter (Kobold Berserker)                Turns: 3854, Time: 00:03:44

Health: -1/49      AC:  2    Str: 16    XL:     5   Next: 20%
Magic:  5/5        EV: 15    Int:  8    God:    Trog [**....]
Gold:   140        SH:  0    Dex: 14    Spells: 4/4 levels left

rFire   . . .      SeeInvis .   a - +0 short sword
rCold   . . .      Faith    .   (shield restricted)
rNeg    . . .      Spirit   .   b - +0 animal skin
rPois   .          Reflect  .   (no helmet)
rElec   .          Harm     .   (no cloak)
rCorr   .          Rampage  .   (no gloves)
Will    .....                   (no boots)
Stlth   ..........              (no amulet)
HPRegen 0.16/turn               (no ring)
MPRegen 0.09/turn               (no ring)

@: berserking, very quick
A: small, no large weapons, nightstalker 3
a: Renounce Religion, Berserk, Trog's Hand


You were on level 4 of the Dungeon.
You worshipped Trog.
Trog was pleased with you.
You visited 1 branch of the dungeon, and saw 4 of its levels.

You collected 140 gold pieces.

Inventory:

Hand Weapons
 a - a +0 short sword (weapon)
Armour
 b - a +0 animal skin (worn)
 o - a +0 buckler
 s - a +0 cloak
Jewellery
 n - a ring of protection from cold
Scrolls
 c - a scroll of amnesia {unknown}
 f - a scroll of noise {unknown}
 i - 2 scrolls of fear {unknown}
 j - a scroll of enchant weapon {unknown}
 k - a scroll of brand weapon {unknown}
 l - a scroll of holy word {unknown}
 p - a scroll of vulnerability {unknown}
 q - 2 scrolls of blinking {unknown}
 r - a scroll of identify {unknown}
Potions
 d - 2 potions of might {unknown}
 e - a potion of ambrosia {unknown}
 g - a potion of lignification {unknown}
 h - a potion of heal wounds {unknown}
 m - a potion of brilliance {unknown}
 t - a potion of magic {unknown}


   Skills:
 + Level 4.1 Fighting
 + Level 5.1 Short Blades
 + Level 1.6 Armour
 + Level 3.1 Dodging
 + Level 3.4 Stealth


You had 4 spell levels left.
You didn't know any spells.
Your spell library was empty.

Dungeon Overview and Level Annotations

Branches:
Dungeon (4/15)             Temple (0/1) D:4

Altars:
Elyvilon
Nemelex Xobeh
Ru

Shops:
D:3 [

Portals:
Ossuary: D:4

Annotations:
D:4 Pikel


Innate Abilities, Weirdness & Mutations

You are small and have problems with some larger weapons.
You are completely attuned to the shadows.


Message History

The lemure hits you but does no damage.
Pikel hits you with a +0 whip of freezing.
Pikel freezes you. The lemure closely misses you. x2
You closely miss Pikel. You closely miss Pikel.
Pikel hits you with a +0 whip of freezing!
Pikel freezes you. The lemure barely misses you.
The lemure completely misses you. The lemure hits you.
You puncture Pikel!
Pikel is lightly wounded.
The lemure hits you. x2; Pikel completely misses you.
You puncture Pikel!
Pikel is heavily wounded.
The lemure hits you.
You barely miss Pikel.
Pikel is heavily wounded.
The lemure barely misses you.
Pikel hits you with a +0 whip of freezing!
* * * LOW HITPOINT WARNING * * *
Pikel freezes you.
* * * LOW HITPOINT WARNING * * *
The lemure hits you but does no damage. The lemure barely misses you.
Unknown command.
Unknown command.
You puncture Pikel!
Pikel is severely wounded.
Unknown command.
You hit Pikel.
Pikel is severely wounded.
The lemure hits you but does no damage.
Pikel hits you with a +0 whip of freezing.
* * * LOW HITPOINT WARNING * * *
Pikel freezes you.
* * * LOW HITPOINT WARNING * * *
The lemure misses you. x2
Unknown command.
You hit Pikel but do no damage.
Pikel is severely wounded.
The lemure hits you.
You die...

,,,,,,,,*,,*,,,,,*
,,,,,,*,,,,,,,,,,*
,,,,,,*,,*,,,,,,,*
,,,,,,,,,*,,,**,,****
,,,,,*,***.....####,*
,,,,,*###.........#,****
**,**##.#.........,,,,,*
***##..(.....#.5##.#*,*
####.....#,#.#.@55..,,*
*#.#...#..###...5K...,,*
,.....>##.#.#......∩.,,*
,.....###.....#......,,*
,......###....##.....,,*
*.(...$# #......####****
#.....####......#*
...##....#.......*
..#*##.#...#....,***


You could see Pikel and 4 lemures.

Vanquished Creatures
  An orc wizard (D:3)
  2 adders
  A worm (D:3)
  2 dart slugs (D:1)
  5 orcs
  5 ball pythons
  7 endoplasms
  3 giant cockroaches (D:3)
  4 goblins
  6 hobgoblins
  6 quokkas
  5 bats
  2 frilled lizards
  6 kobolds
  A rat (D:1)
56 creatures vanquished.

Notes
Turn   | Place    | Note
-------+----------+-------------------------------------------
     0 | D:1      | McIrco the Kobold Berserker began the quest for the Orb.
     0 | D:1      | Reached XP level 1. HP: 14/14 MP: 1/1
   174 | D:1      | Reached XP level 2. HP: 19/19 MP: 2/2
   725 | D:1      | Reached XP level 3. HP: 12/24 MP: 3/3
   896 | D:1      | Reached skill level 1 in Stealth
  2164 | D:2      | Reached XP level 4. HP: 20/29 MP: 4/4
  2500 | D:3      | Reached ** piety under Trog
  2652 | D:3      | Found a faded altar of an unknown god.
  2794 | D:3      | Found Beboqo's Armour Shoppe.
  3268 | D:3      | Found a sparkling altar of Nemelex Xobeh.
  3282 | D:3      | Reached skill level 5 in Short Blades
  3282 | D:3      | Reached XP level 5. HP: 24/33 MP: 5/5
  3286 | D:3      | Found a white marble altar of Elyvilon.
  3297 | D:3      | Found a sacrificial altar of Ru.
  3840 | D:4      | Noticed a lemure
  3843 | D:4      | Noticed Pikel
  3844 | D:4      | Found a sand-covered staircase.
  3844 | D:4      | Noticed a lemure
  3844 | D:4      | Noticed a lemure
  3845 | D:4      | Noticed a lemure
  3853 | D:4      | HP: 1/49 [Pikel (2)]
  3854 | D:4      | Slain by a lemure

Illustrated notes

Levels and vault maps discovered:
D:1:      minmay_arrival_cross, layout_basic, minmay_misc_feat_secret_circle,
          serial_park_tiny_1, minmay_misc_feat_iff, kennysheep_another_room,
          roderic_lattice_a
D:2:      layout_basic, minmay_split_cup_large
D:3:      layout_loops_ring, chequers_temple_overflow_statue_of_worship,
          serial_shops, shop, chequers_ecumenical_altar_simple_redux,
          hangedman_decor_clover_reticule, chequers_serial_rivers_marsh
D:4:      layout_cave_pools, minmay_temple_entry_butterflies, enter_ossuary_1,
          saegor_snake_ambush, uniq_duvessa, uniq_pikel

Skill      XL: |  1  2  3  4 |
---------------+-------------+-----
Stealth        | 2 3 |  3.4
Fighting       | 4 |  4.1
Short Blades   | 5 |  5.1
Dodging        | 3 |  3.1
Armour         | |  1.6

Action                   |  1- 3 |  4- 6 || total
-------------------------+-------+-------++-------
Melee: Short sword       |    75 |    97 ||   172
Invok: Berserk           |     1 |     6 ||     7
  Use: Scroll            |       |     1 ||     1
 Stab: Sleeping          |    17 |     7 ||    24
Armor: Animal skin       |     8 |    11 ||    19
Dodge: Dodged            |    37 |    55 ||    92

Table legend: (Time is in decaauts)
 A = Elapsed time spent in this place.
 B = Non-inter-level travel time spent in this place.
 C = Inter-level travel time spent in this place.
 D = Time resting spent in this place.
 E = Time spent auto-exploring this place.
 F = Levels seen in this place.
 G = Mean time per level.
                   A        B        C        D        E       F      G
               +--------+--------+--------+--------+--------+-----+--------+
         Total |   3895 |   3819 |     76 |     64 |   3366 |   4 |  973.8 |
       Dungeon |   3895 |   3819 |     76 |     64 |   3366 |   4 |  973.8 |
               +--------+--------+--------+--------+--------+-----+--------+

Top non-repeatable levels by time:
     D:2: 1398 daAuts
     D:3: 1306 daAuts
     D:1: 1093 daAuts
     D:4: 96 daAuts
